 Dungeon Crawl Stone Soup version 0.31.0-11-ge490571c62 (webtiles) character file.

Game seed: 17580441665752493068

33 qw the Shooter (level 3, -1/18 HPs)
             Began as a Spriggan Hunter on Feb 4, 2024.
             Succumbed to their own poison gas
             ... on level 2 of the Dungeon.
             The game lasted 00:00:04 (1853 turns).

qw the Shooter (Spriggan Hunter)                    Turns: 1853, Time: 00:00:04

Health: -1/18      AC:  3    Str:  7    XL:     3   Next: 12%
Magic:  4/4        EV: 19    Int: 10    God:
Gold:   94         SH:  0    Dex: 20    Spells: 2/2 levels left

rFire   . . .        a - +0 shortbow
rCold   . . .        (shield currently unavailable)
rNeg    . . .        c - +0 robe
rPois   .            (helmet restricted)
rElec   .            f - +0 cloak
rCorr   .            (gloves unavailable)
SInv    +            (boots unavailable)
Will    .....        e - amulet of guardian spirit
Stlth   +            (no ring)
HPRegen 0.23/turn    (no ring)
MPRegen 0.09/turn

%: guardian spirit
@: lethally poisoned (-1 -> -11), slow
A: very small, no large weapons, unfitting armour, see invisible, speed 3
a: no special abilities


You were on level 2 of the Dungeon.
You visited 1 branch of the dungeon, and saw 2 of its levels.

You collected 206 gold pieces.
You spent 112 gold pieces at shops.


Innate Abilities, Weirdness & Mutations

You are very small and have problems with some larger weapons.
You are too small for most types of armour.
You have supernaturally acute eyesight. (SInv)
You cover ground extremely quickly. (Speed+++)


   Skills:
 - Level 1.5 Fighting
 + Level 4.5 Ranged Weapons
 - Level 4.0 Dodging
 - Level 1.5 Stealth


You had 2 spell levels left.
You didn't know any spells.
Your spell library was empty.

Inventory:

Hand Weapons
 a - a +0 shortbow (weapon)
Armour
 c - a +0 robe (worn)
 f - a +0 cloak (worn)
Jewellery
 e - an amulet of guardian spirit (around neck)
Potions
 b - a potion of curing {unknown}

Dungeon Overview and Level Annotations

Branches:
Dungeon (2/15)

Altars:

Shops:
D:2 [[


Message History

Moving in this stuff is going to be slow.
Partly explored, can't reach some places.
Enter note:
Enter note: Partly explored, can't reach some places.
1839 ||| UPGRADING to +0 cloak.
You start putting on your armour.
You continue putting on your +0 cloak. x4
You finish putting on your +0 cloak.
Partly explored, can't reach some places.
1844 ||| UPGRADING to amulet of guardian spirit.
You start putting on your amulet.
You continue putting on your amulet of guardian spirit. x5
You finish putting on your amulet of guardian spirit.
You feel your power drawn to a protective spirit.
e - an amulet of guardian spirit (around neck) Partly explored, can't reach some places.
1849 ||| READING scroll labelled DEAH XIKUNATU.
The air fills with toxic fumes!
As you read the scroll labelled DEAH XIKUNATU, it crumbles to dust.
It was a scroll of poison.
Partly explored, can't reach some places.
What level of the Dungeon? (default 2, ? - help) Sorry, I don't know how to get there.
Enter note:
Enter note:
Enter note:
Enter note:
Enter note:
Enter note:
Enter note:
Enter note:
Enter note: You are engulfed in poison gas.
You are lethally poisoned!
You feel extremely sick.
1851 ||| Stepping ~*~*~tactically~*~*~ (cloud).
You feel very sick.
There is a lethal amount of poison in your body!
You feel very sick.
There is a lethal amount of poison in your body!
You die...

#...#.# #.......# #..#
##.###.#####.#...####... #..#
#...........'.##.#' ##.##
########....#.#..#\ ###..#
#....#.#..## ##...#########
##...#......
#..~.¤¤¤¤¤¤¤0#####.....>#...
###..~.¤¤¤¤¤¤¤¤¤¤¤####.#..#.##
##~~~~~~¤¤¤¤¤¤@¤¤¤¤0¤¤#.#..#...
#~~~~~~~0¤¤¤¤¤¤¤¤¤¤¤###.#..####
#~##....¤¤¤00¤¤¤¤¤¤####.#..#
#~~ ##.~~¤¤¤¤¤¤¤¤¤#¤¤¤..##..#
## ##~.¤0¤¤¤¤¤¤###¤¤¤.##..#
############ #.¤¤.##..####
###¤###...... #~~~~~#..###.
#~~~~~#...~~.


There were no monsters in sight!

Vanquished Creatures
  An adder (D:2)
  A dart slug (D:1)
  3 bats (D:2)
  An endoplasm (D:1)
  A goblin (D:2)
  4 hobgoblins
  3 jackals (D:1)
  2 ball pythons
  2 kobolds
  3 rats
21 creatures vanquished.

Notes
Turn   | Place    | Note
-------+----------+-------------------------------------------
     0 | D:1      | qw the Spriggan Hunter began the quest for the Orb.
     0 | D:1      | Reached XP level 1. HP: 10/10 MP: 2/2
     0 | D:1      | 0 ||| qw: Version: 0.3-a-160-g6735b56
     0 | D:1      | 0 ||| qw: Game counter: 4364
     0 | D:1      | 0 ||| qw: Melee chars always use a shield: true
     0 | D:1      | 0 ||| qw: God list: Okawaru
     0 | D:1      | 0 ||| qw: Allow faded altars: false
     0 | D:1      | 0 ||| qw: Do Orc after clearing Dungeon:15 true
     0 | D:1      | 0 ||| qw: Do second Lair branch before Depths: true
     0 | D:1      | 0 ||| qw: Lair rune preference: random
     0 | D:1      | 0 ||| qw: Goals: Normal
     0 | D:1      | 0 ||| PLANNING D:1-11
   119 | D:1      | Reached skill level 3 in Dodging
   119 | D:1      | HP: 2/10 [jackal (1)]
   272 | D:1      | Reached XP level 2. HP: 14/14 MP: 3/3
  1072 | D:1      | 1072 ||| READING 2 scrolls labelled POPYRGH ALYGREG.
  1072 | D:1      | 1072 ||| IDENTIFYING green potion
  1073 | D:1      | 1073 ||| READING scroll of identify.
  1073 | D:1      | 1073 ||| IDENTIFYING inky potion
  1074 | D:1      | 1074 ||| DROPPING scroll of butterflies.
  1075 | D:1      | 1075 ||| DROPPING potion of magic.
  1076 | D:1      | 1076 ||| DROPPING potion of degeneration.
  1120 | D:2      | Found Xogesy's Armour Shop.
  1280 | D:2      | Found a faded altar of an unknown god.
  1572 | D:2      | Found Nun Voke's Antique Armour Shoppe.
  1579 | D:2      | 1579 ||| BUYING cloak (112 gold).
  1579 | D:2      | Bought a cloak for 112 gold pieces
  1619 | D:2      | Reached XP level 3. HP: 9/18 MP: 4/4
  1839 | D:2      | 1839 ||| UPGRADING to +0 cloak.
  1844 | D:2      | 1844 ||| UPGRADING to amulet of guardian spirit.
  1849 | D:2      | 1849 ||| READING scroll labelled DEAH XIKUNATU.
  1851 | D:2      | 1851 ||| Stepping ~*~*~tactically~*~*~ (cloud).
  1851 | D:2      | HP: 3/18 [poisoned by you (poison gas)]
  1852 | D:2      | HP: 1/18 [poisoned by you (poison gas)]
  1853 | D:2      | Succumbed to their own poison gas

Levels and vault maps discovered:
D:1:      denvon_arrival_planthouse, layout_basic, serial_corexii_hall,
          chequers_hall_statues_y, chequers_hall_statues_corner_a
D:2:      layout_basic, serial_rivers, chequers_serial_rivers_small_a,
          chequers_serial_rivers_room_b, chequers_serial_rivers_room_b,
          chequers_serial_rivers_small_3, chequers_serial_rivers_marsh,
          dreamdust_ecumenical_altar_hidden_monk_grotto, serial_shops, shop,
          nicolae_shop_window_shopping, minmay_misc_feat_rows

Skill      XL: |  1  2 |
---------------+-------+-----
Dodging        | 3 4 |  4.0
Fighting       | |  1.5
Ranged Weapons | |  4.5
Stealth        | |  1.5

Action                     || total
---------------------------++-------
   Fire: Shortbow          ||    60
    Use: Scroll            ||     3
 Armour: Robe              ||    11
  Dodge: Dodged            ||    38

Table legend:
 A = Non-vault XP
 B = Vault XP
 C = Vault XP percentage of total XP
 D = Non-vault monster count
 E = Vault monster count
 F = Vault count percentage of total count
                 A         B        C        D         E       F
            +---------+---------+-------+---------+---------+-------
      Total |      48 |       0 |   0.0 |      21 |       0 |   0.0
            +---------+---------+-------+---------+---------+-------
        D:1 |      17 |       0 |   0.0 |       9 |       0 |   0.0
        D:2 |      31 |       0 |   0.0 |      12 |       0 |   0.0
            +---------+---------+-------+---------+---------+-------
